 Dungeon Crawl Stone Soup version 0.19-a0-1490-g5dd3618 (webtiles) character file.

103 Charly the Twirler (level 4, -3/26 HPs)
             Began as a Gargoyle Gladiator on Sept 8, 2016.
             Was an Initiate of Zin.
             Slain by an ogre
             ... wielding a +0 giant club
              (19 damage)
             ... on level 4 of the Dungeon.
             The game lasted 00:09:22 (623 turns).

Charly the Twirler (Gargoyle Gladiator)              Turns: 623, Time: 00:09:22

Health: -3/26      AC: 12    Str: 20    XL:     4   Next: 79%
Magic:  4/4        EV:  8    Int:  8    God:    Zin [......]
Gold:   55         SH:  0    Dex: 10    Spells: 0 memorised, 3 levels left

rFire  . . .     SeeInvis .     a - +0 quarterstaff
rCold  . . .     Gourm    .     e - +0 chain mail
rNeg   + . .     Faith    .     (shield currently unavailable)
rPois  ∞         Spirit   .     c - +0 helmet
rElec  +         Dismiss  +     (no cloak)
rCorr  .         Reflect  .     (no gloves)
MR     .....     Harm     .     (no boots)
Stlth  ..........               j - amulet of dismissal
                                (no ring)
                                (no ring)

@: no status effects
A: negative energy resistance 1, electricity resistance, unbreathing,
petrification resistance, rot immunity, AC +3
a: Donate Gold, Renounce Religion


You were on level 4 of the Dungeon.
You worshipped Zin.
Zin was noncommittal.
You were not hungry.

You visited 1 branch of the dungeon, and saw 4 of its levels.

You collected 61 gold pieces.
You donated 6 gold pieces to Zin.

Inventory:

Hand Weapons
 a - a +0 quarterstaff (weapon)
Armour
 c - a +0 helmet (worn)
 e - a +0 chain mail (worn)
Jewellery
 j - an amulet of dismissal (around neck)
Scrolls
 b - a scroll of remove curse {unknown}
 i - a scroll of random uselessness {unknown}
Potions
 g - a potion of invisibility {unknown}
 h - 2 potions of curing {unknown}
 k - a potion of flight {unknown}
Comestibles
 f - 2 bread rations


   Skills:
 - Level 2.1 Fighting
 + Level 5.3 Staves
 - Level 1.7 Throwing
 - Level 2.4 Dodging


You had 3 spell levels left.
You didn't know any spells.

Dungeon Overview and Level Annotations

Branches:
Dungeon (4/15)
 Temple: D:4-7

Altars:
Ashenzari
Zin


Innate Abilities, Weirdness & Mutations

You are resistant to torment.
Your stone body is resilient. (AC +3)
You are immune to poison.
You resist negative energy. (rN+)
You are resistant to electric shocks. (rElec)
You can survive without breathing.
You are immune to petrification.
You are immune to rotting.


Message History

There is a stone staircase leading up here.
Drop what? 11/52 slots (_ for help) (? for menu, Esc to quit)
Okay, then.
Found a scroll labeled GUSEUTE ICLE.
You see here a scroll labeled GUSEUTE ICLE.
Throwing (i - inventory):
d - a throwing net (quivered)
Press: ? - help, Shift-Dir - straight line, f - ogre
Aim: an ogre, wielding a giant club You throw a throwing net.
The throwing net barely misses the ogre.
The ogre hits you with a giant club!
There is a stone staircase leading up here.
Drop what? 10/52 slots (_ for help) (? for menu, Esc to quit)
Okay, then.
Found a bread ration.
A giant gecko comes into view.
The giant gecko hisses angrily.
The ogre hits you with a giant club!!
Ouch! That really hurt!
You die...

########### #..
.....###
#.####>.....
##.#.......####
#@.#.##........
#lO#......#####
#..%..........#
#.....##..###.#
##.##.##..<...###
#.##.....##....#
#.######.?(..#.#
#.##.....##### #
#.##.###.#


You could see an ogre and a giant gecko.

Vanquished Creatures
  A howler monkey (D:3)
  Jessica (D:3)
  An adder (D:2)
  2 dart slugs (D:1)
  An orc (D:3)
  A bat (D:3)
  2 giant cockroaches (D:1)
  3 hobgoblins
  3 jackals (D:1)
  A giant newt (D:1)
  5 goblins
  4 kobolds
  5 rats
30 creatures vanquished.

Notes
Turn   | Place    | Note
-------+----------+-------------------------------------------
     0 | D:1      | Charly the Gargoyle Gladiator began the quest for the Orb.
     0 | D:1      | Reached XP level 1. HP: 12/12 MP: 1/1
    61 | D:1      | Reached XP level 2. HP: 17/17 MP: 2/2
   249 | D:1      | Reached skill level 4 in Staves
   323 | D:2      | Reached XP level 3. HP: 18/21 MP: 3/3
   450 | D:3      | Found a glowing silver altar of Zin.
   454 | D:3      | Became a worshipper of Zin the Law-Giver
   475 | D:3      | Reached skill level 5 in Staves
   475 | D:3      | Reached XP level 4. HP: 26/26 MP: 4/4
   512 | D:3      | Found a shattered altar of Ashenzari.
   579 | D:3      | Noticed Jessica
   589 | D:3      | Killed Jessica
   606 | D:4      | Noticed an ogre
   623 | D:4      | Slain by an ogre

Vault maps used:
D:1:      saegor_arrival_simple_a, minmay_rat_gold_closets
D:2:      old_standard_altar, first_bread
D:3:      minitemple, overflow_temple_1_default, uniq_jessica
D:4:      gup_sewer_entry_bubbles

Skill      XL: |  1  2  3 |
---------------+----------+-----
Staves         | 4 5 |  5.3
Fighting       | |  2.1
Throwing       | |  1.7
Dodging        | |  2.4

Action                   |  1- 3 |  4- 6 || total
-------------------------+-------+-------++-------
Melee: Quarterstaff      |    83 |    15 ||    98
Throw: Throwing net      |     4 |     1 ||     5
 Stab: Held in net/web   |     2 |       ||     2
Armor: Leather armour    |     4 |       ||     4
       Chain mail        |    32 |     2 ||    34
Dodge: Dodged            |    35 |     3 ||    38
